cohdb
Replays
Latest Replays
All Replays
Popular Replays
Top Player Replays
Match Explorer
How It Works
Community
CoH3 Stats
Reddit
Sign in to upload your games and track your stats! →
Sign in with Steam
Match 45882113
Unlisted
Match 45882113
Overview
Messages
Build Orders
End
Construct Section Command Post
Dingo Light Scout Car
Selects Air and Sea Battlegroup
Dingo Light Scout Car
Vickers Machine Gun Team
Construct Platoon Command Post
Unlock M3 Stuart Light Tanks
Selects Supply Surplus
Construct Resource Cache
Construct Resource Cache
Construct Resource Cache
Construct Resource Cache
M3 Stuart Light Tank
Construct Resource Cache
Construct Resource Cache
Selects UNKNOWN (223837)
Construct Resource Cache
Construct Resource Cache
M3 Stuart Light Tank
M3 Stuart Light Tank
M3 Stuart Light Tank
Construct Company Command Post
Jm200092
고구마줄거리
新年辞旧喜洋洋
台湾棋手赖清德
Boneless
ValiantHawk
LeVisir
陈浩南
0
0
Comments
sign in to comment!
No comments posted yet!